 Dungeon Crawl Stone Soup version 0.27-a0-1242-ge70438ac7b (webtiles) character file.

Game seed: 7069196848701822353

6304 Kinoniko the Cleaver (level 10, -5/111 HPs)
             Began as a Demonspawn Berserker on June 9, 2021.
             Was an Elder of Trog.
             Killed from afar by an ice statue (28 damage)
             ... with a bolt of cold
             ... on level 9 of the Dungeon.
             The game lasted 00:10:52 (8544 turns).

Kinoniko the Cleaver (Demonspawn Berserker)         Turns: 8544, Time: 00:10:53

Health: -5/111     AC: 12    Str: 21    XL:     10   Next: 63%
Magic:  10/10      EV: 11    Int:  9    God:    Trog [****..]
Gold:   568        SH:  4    Dex: 12    Spells: 9/9 levels left

rFire    . . .     SeeInvis .   p - +4 broad axe (elec)
rCold    . . .     Faith    +   u - +0 buckler
rNeg     . . .     Spirit   .   q - +1 chain mail
rPois    .         Reflect  .   (helmet restricted)
rElec    .         Harm     .   (no cloak)
rCorr    .         Rampage  .   (no gloves)
Will     +....                  m - +2 pair of boots
Stlth    ..........             e - amulet of faith
HPRegen  0.28/turn              y - ring of willpower
MPRegen  0.24/turn              (no ring)

@: berserking, very quick
A: horns 1, repulsion field 2, magic regeneration, demonic magic 2
a: Renounce Religion, Berserk, Trog's Hand, Brothers in Arms


You were on level 9 of the Dungeon.
You worshipped Trog.
Trog was greatly pleased with you.
You visited 1 branch of the dungeon, and saw 10 of its levels.

You collected 568 gold pieces.

Inventory:

Hand Weapons
 a - a +0 hand axe
 p - a +4 broad axe of electrocution (weapon)
 z - a +2 antimagic battleaxe
Armour
 m - a +2 pair of boots (worn)
 q - a +1 chain mail (worn)
 u - a +0 buckler (worn)
Jewellery
 e - an amulet of faith (around neck)
 i - the amulet "Puvaprysepp" {Reflect Int+6 SH+5}
   (You acquired it on level 7 of the Dungeon)

   [amulet of reflection]

   It reflects blocked missile attacks.
   It affects your intelligence (+6).
   It affects your SH (+5).
 y - a ring of willpower (left hand)
Wands
 t - a wand of iceblast (21)
 w - a wand of digging (6)
 A - a wand of charming (6)
Scrolls
 g - a scroll of summoning
 h - 4 scrolls of teleportation
 n - 2 scrolls of vulnerability
 o - 2 scrolls of silence
 s - a scroll of fear
 x - 2 scrolls of identify
Potions
 b - a potion of lignification {unknown}
 c - 5 potions of curing
 d - 2 potions of resistance {unknown}
 f - 6 potions of heal wounds
 j - 2 potions of brilliance {unknown}
 k - a potion of degeneration {unknown}
 l - 3 potions of haste {unknown}
 r - 4 potions of invisibility {unknown}
 v - 2 potions of attraction {unknown}


   Skills:
 - Level 5.1 Fighting
 * Level 13.7 Axes
 - Level 1.7 Armour
 - Level 1.7 Dodging
 + Level 3.0 Shields


You had 9 spell levels left.
You didn't know any spells.
Your spell library contained the following spells:

 Spells                   Type           Power      Damage    Failure   Level
 Cause Fear               Hex            0%         N/A       100%        4
 Silence                  Hex/Air        0%         N/A       100%        5
 Yara's Violent Unravell  Hex/Tmut       0%         3d3       100%        5
 Discord                  Hex            0%         N/A       100%        8


Dungeon Overview and Level Annotations

Branches:
Dungeon (10/15)            Temple (0/1) D:6            Lair (0/6) D:8
    Orc: D:9-12

Altars:
Ashenzari
Gozag
Kikubaaqudgha
Qazlal
Sif Muna
Uskayaw
Yredelemnul

Shops:
D:3 :   D:5 *

Portals:
Abyss: D:5

Annotations:
D:4 1 runed translucent door
D:5 2 transporters, PirateVox's ghost, novice KoTm
D:9 exclusion: ice statue


Innate Abilities, Weirdness & Mutations

You have a pair of small horns on your head.
You are surrounded by a moderate repulsion field. (EV +3)
You regenerate magic rapidly.
Spells you cast may paralyse nearby enemies.


Message History

Blink to where?
Press: ? - help, Dir - move target
As you read the scroll of blinking, it crumbles to dust.
The ice statue gestures.
Found six items.
You hit the ice statue.
You headbutt the ice statue, but do no damage.
The ice statue is lightly damaged.
You closely miss the ice beast.
The ice statue gestures.
You slash the ice statue!
You headbutt the ice statue, but do no damage.
The ice statue is lightly damaged.
You slash the ice beast!
Lightning courses through the ice beast!
You kill the ice beast!
You hit the ice statue but do no damage.
The ice statue is lightly damaged.
The ice statue gestures at you. The freezing blast engulfs you!
Unknown command.
You hit the ice statue.
The ice statue is moderately damaged.
You slash the ice beast!
You are engulfed in freezing vapours.
The ice beast barely misses you.
Unknown command.
You slash the ice beast!
The ice beast is severely wounded.
You slash the ice statue!
You are engulfed in freezing vapours.
The ice beast hits you but does no damage.
Unknown command.
A red film seems to cover your vision as you go berserk!
You feel yourself moving faster!
You feel mighty!
You are engulfed in freezing vapours.
The ice beast hits you.
* * * LOW HITPOINT WARNING * * *
The ice beast freezes you!
* * * LOW HITPOINT WARNING * * *
The ice statue gestures at you. The bolt of cold hits you!!
You die...

.....+............#
.....#............#
....>#.....##+########
####.#.....# ..#§
.....#.....# ...
.....+.....#. ≈≈
.....#.....#.. ##○##
.....#.....#..≈#○Y)#§.##
.....#.....#..°°@8○≈§...
####.#.....#+.≈#°°§#§.##
.....#.....'...##§##
.....###'####...≈§§
............# .....
............# .+.#
............# .#..
............# .#...
............#


You could see an ice statue and an ice beast (summoned).

Vanquished Creatures
  A hydra (D:7)
  An unseen horror (D:7)
  14 yaks (D:8)
  3 wyverns
  A steam dragon (D:4)
  3 wargs (D:8)
  A water moccasin (D:7)
  2 black bears
  An orc warrior (D:8)
  2 sky beasts (D:7)
  6 necrophages
  An ogre (D:5)
  A centaur (D:8)
  A phantom (D:7)
  A kobold brigand (D:7)
  A gnoll sergeant (D:6)
  A scorpion (D:5)
  A water moccasin zombie (D:5)
  A water moccasin skeleton (D:6)
  A howler monkey (D:8)
  4 hounds
  A bullfrog skeleton (D:4)
  A gnoll shaman (D:5)
  4 orc priests
  4 iguanas
  3 orc wizards
  A hound skeleton (D:5)
  2 howler monkey skeletons
  15 gnolls
  7 adders
  A white imp (D:5)
  A worm (D:4)
  A dart slug (D:1)
  23 orcs
  8 endoplasms
  13 giant cockroaches
  8 goblins
  4 hobgoblins
  11 jackals
  15 kobolds
  4 quokkas
  A ball python (D:1)
  9 bats
  6 frilled lizards
  A jackal skeleton (D:4)
  7 rats
199 creatures vanquished.

Vanquished Creatures (others)
  24 plants
24 creatures vanquished.

Grand Total: 223 creatures vanquished

Notes
Turn   | Place    | Note
-------+----------+-------------------------------------------
     0 | D:1      | Kinoniko the Demonspawn Berserker began the quest for the
                  | Orb.
     0 | D:1      | Reached XP level 1. HP: 18/18 MP: 1/1
    37 | D:1      | Reached skill level 3 in Axes
   360 | D:1      | Gained mutation: You have a pair of small horns on your
                  | head. [demonic ancestry]
   360 | D:1      | Reached XP level 2. HP: 18/24 MP: 2/2
   724 | D:1      | Gained mutation: You are surrounded by a mild repulsion
                  | field. (EV +2) [demonic ancestry]
   724 | D:1      | Reached XP level 3. HP: 29/29 MP: 3/3
   800 | D:1      | Reached skill level 4 in Axes
  1074 | D:1      | Reached ** piety under Trog
  1504 | D:2      | Found a faded altar of an unknown god.
  1678 | D:2      | Gained mutation: You regenerate magic rapidly. [demonic
                  | ancestry]
  1678 | D:2      | Reached XP level 4. HP: 32/35 MP: 4/4
  2393 | D:3      | Reached *** piety under Trog
  2400 | D:3      | Reached skill level 5 in Axes
  2618 | D:3      | Found a broken altar of Ashenzari.
  2618 | D:3      | Found a shimmering blue altar of Sif Muna.
  2618 | D:3      | Found an opulent altar of Gozag.
  2639 | D:3      | Gained mutation: You are surrounded by a moderate repulsion
                  | field. (EV +3) [demonic ancestry]
  2639 | D:3      | Reached XP level 5. HP: 41/41 MP: 5/5
  2712 | D:3      | Found Ufamir's Book Shop.
  2859 | D:3      | Reached **** piety under Trog
  3234 | D:4      | Noticed a necrophage
  3242 | D:4      | Killed a necrophage
  3243 | D:4      | Reached skill level 6 in Axes
  3243 | D:4      | Reached XP level 6. HP: 47/47 MP: 6/6
  3356 | D:4      | Found a stormy altar of Qazlal.
  3357 | D:4      | Noticed a fire elemental
  3359 | D:4      | Noticed a water elemental
  3359 | D:4      | Noticed an air elemental
  3412 | D:4      | Noticed a +0 hand axe
  3412 | D:4      | Noticed a +0 dagger
  3413 | D:4      | Found a hide-covered altar of Uskayaw.
  3515 | D:4      | Identified a scroll of acquirement
  3516 | D:4      | Acquired a +1 broad axe of electrocution
  3663 | D:4      | Noticed a steam dragon
  3668 | D:4      | Killed a steam dragon
  3839 | D:4      | Reached skill level 7 in Axes
  3839 | D:4      | Noticed a human
  3840 | D:4      | Found a runed translucent door.
  3846 | D:4      | Found a basalt altar of Yredelemnul.
  4167 | D:4      | You fall into a shaft and drop 1 floor!
  4167 | D:5      | Entered Level 5 of the Dungeon
  4173 | D:5      | Reached XP level 7. HP: 43/52 MP: 7/7
  4173 | D:5      | Noticed PirateVox's ghost (novice KoTm)
  4228 | D:5      | Found a one-way gate to the infinite horrors of the Abyss.
  4651 | D:5      | Reached skill level 8 in Axes
  4756 | D:5      | Reached skill level 9 in Axes
  4756 | D:5      | Gained mutation: Spells you cast may paralyse adjacent
                  | enemies. [demonic ancestry]
  4756 | D:5      | Reached XP level 8. HP: 58/58 MP: 8/8
  4877 | D:5      | Found a transporter.
  4960 | D:5      | Found a transporter.
  5040 | D:5      | Found Zoylaos's General Store.
  5282 | D:6      | Found a staircase to the Ecumenical Temple.
  5301 | D:6      | Found an ancient bone altar of Kikubaaqudgha.
  5522 | D:6      | Reached skill level 10 in Axes
  5807 | D:7      | Reached ***** piety under Trog
  5816 | D:7      | Received a gift from Trog
  5875 | D:7      | Acquired the amulet "Puvaprysepp" {Reflect Int+6 SH+5}
  6026 | D:7      | Noticed a four-headed hydra
  6032 | D:7      | Killed a seven-headed hydra
  6033 | D:7      | Reached skill level 11 in Axes
  6033 | D:7      | Gained mutation: Spells you cast may paralyse nearby
                  | enemies. [demonic ancestry]
  6033 | D:7      | Reached XP level 9. HP: 63/63 MP: 9/9
  6748 | D:7      | Reached skill level 12 in Axes
  7013 | D:7      | Killed an unseen horror
  7327 | D:8      | Reached XP level 10. HP: 73/73 MP: 10/10
  7332 | D:8      | Found a staircase to the Lair.
  7546 | D:8      | Reached skill level 5 in Fighting
  7546 | D:8      | You fall into a shaft and drop 2 floors!
  7546 | D:10     | Entered Level 10 of the Dungeon
  7684 | D:9      | Reached skill level 13 in Axes
  7731 | D:8      | Reached skill level 1 in Shields
  8537 | D:9      | Noticed an ice statue
  8544 | D:9      | Killed from afar by an ice statue

Illustrated notes

Levels and vault maps discovered:
D:1:      dpeg_arrival_long_road, layout_basic
D:2:      layout_basic, shapermc_ecumenical_altar_notcrosses,
          minmay_tromino_v4_c
D:3:      minmay_roachtagon, layout_loops_ring,
          gammafunk_temple_overflow_forgotten, serial_shops,
          nicolae_shop_crystal, minmay_misc_feat_roman, supply_closet_lemuel
D:4:      layout_cave_pods, dancing_weapons_uskayaw,
          nicolae_qazlal_style_of_elements, dk_yredelemnul_ordeal
D:5:      layout_basic, serial_shops, kennysheep_mini,
          gammafunk_ghost_abyssal_escape, serial_park_tiny_2
D:6:      layout_rooms, general_overflow_altar,
          minmay_temple_entry_proselytizer, serial_bayou_pond_e,
          corner_web_ring, hangedman_abyss_or_decor_stabs
D:7:      layout_loops_cross, serial_bayou_lake_a
D:8:      layout_rooms, erik_lair_orcish_takeover
D:9:      layout_stronghold, nicolae_tso_swordbearing_angel,
          minmay_statues_item, kennysheep_diamond, minivault_15
D:10:     minmay_the_grid_square_5x5_4x4 [minmay_the_grid_square_5x5_n_small,
          minmay_the_grid_square_5x5_empty, minmay_the_grid_square_5x5_longway,
          minmay_the_grid_square_5x5_inset, minmay_the_grid_square_5x5_slash,
          minmay_the_grid_square_5x5_prize_snowflake,
          minmay_the_grid_square_5x5_prize_gold,
          minmay_the_grid_square_5x5_comb, minmay_the_grid_square_5x5_forky,
          minmay_the_grid_square_5x5_prize_deathbox,
          minmay_the_grid_square_5x5_prize_monsterx,
          minmay_the_grid_square_5x5_checkered_sparse,
          minmay_the_grid_square_5x5_three_walls,
          minmay_the_grid_square_5x5_shuriken,
          minmay_the_grid_square_5x5_two_walls_a,
          minmay_the_grid_square_5x5_almost_minimal], layout_grid_maze,
          enter_bailey_3, minmay_misc_feat_iff, uniq_psyche

Skill      XL: |  1  2  3  4  5  6  7  8  9 10 |
---------------+-------------------------------+-----
Axes           | 3 4 5 6 7 9 11 12 13 | 13.7
Fighting       | 4 5 |  5.1
Shields        | 3 |  3.0
Armour         | |  1.7
Dodging        | |  1.7

Action                   |  1- 3 |  4- 6 |  7- 9 | 10-12 || total
-------------------------+-------+-------+-------+-------++-------
Melee: Hand axe          |   104 |   139 |       |       ||   243
       Headbutt          |    16 |    29 |    17 |    13 ||    75
       Broad axe         |       |    19 |   147 |    74 ||   240
Invok: Berserk           |     1 |     4 |     7 |     2 ||    14
       Brothers in Arms  |       |       |     1 |       ||     1
  Use: Scroll            |       |    11 |     9 |     2 ||    22
Armor: Animal skin       |    12 |       |       |       ||    12
       Ring mail         |    16 |     1 |       |       ||    17
       Scale mail        |       |    45 |       |       ||    45
       Chain mail        |       |       |   100 |    15 ||   115
Dodge: Dodged            |    68 |   120 |    84 |    30 ||   302
Block: Buckler           |       |       |       |     3 ||     3

Table legend: (Time is in decaauts)
 A = Elapsed time spent in this place.
 B = Non-inter-level travel time spent in this place.
 C = Inter-level travel time spent in this place.
 D = Time resting spent in this place.
 E = Time spent auto-exploring this place.
 F = Levels seen in this place.
 G = Mean time per level.
                   A        B        C        D        E       F      G
               +--------+--------+--------+--------+--------+-----+--------+
         Total |   8686 |   8294 |    392 |   1977 |   5180 |  10 |  868.6 |
       Dungeon |   8686 |   8294 |    392 |   1977 |   5180 |  10 |  868.6 |
               +--------+--------+--------+--------+--------+-----+--------+

Top non-repeatable levels by time:
     D:7: 1507 daAuts
     D:1: 1180 daAuts
     D:2: 1102 daAuts
     D:4: 1093 daAuts
     D:5: 1004 daAuts
     D:3: 947 daAuts
     D:8: 863 daAuts
     D:6: 568 daAuts
     D:9: 333 daAuts
    D:10: 85 daAuts
